ITL
BLUEVILLE 83'S @ TUSCALOOSA TROUT SLAYERS
06/14/2030
 
TOP OF THE 1ST
Blueville 83's batting - Pitching for Tuscaloosa Trout Slayers : RHP Rafael Ramírez
Pitching: RHP Rafael Ramírez
Batting: SHB Joe Emery 0-0: Ball
1-0: Ball
2-0: Called Strike
2-1: Ball
3-1: Base on Balls
Batting: RHB Jonathan MacVey 0-0: Called Strike
0-1: Foul Ball, location: 2F
0-2: Fly out, F6 (Line Drive, 6)
Batting: LHB Bob Martin 0-0: Called Strike
0-1: Called Strike
0-2: Foul Ball, location: 2F
0-2: Ball
1-2: Ball
2-2: Strikes out looking
Batting: RHB Eichiro Yamamoto 0-0: Ball
1-0: Called Strike
Joe Emery steals 2nd base
1-1: Ground out U3 (Groundball, 3)
Top of the 1st over - 0 runs, 0 hits, 0 errors, 1 left on base; Blueville 0 - Tuscaloosa 0
BOTTOM OF THE 1ST
Tuscaloosa Trout Slayers batting - Pitching for Blueville 83's : RHP David Padilla
Pitching: RHP David Padilla
Batting: LHB Manuel Ortega 0-0: Ball
1-0: SINGLE (Line Drive, 8LS)
Batting: RHB José Fernández 0-0: Ball
1-0: Swinging Strike
1-1: Ball
2-1: Ball
3-1: Base on Balls
Manuel Ortega to second
Batting: LHB Juan Hernández 0-0: Ball
Manuel Ortega steals 3rd base
1-0: Foul Ball, location: 2F
1-1: Fly out, F9 (Flyball, 9LM)
Runner from 3rd tags up, SCORES, throw made
Batting: LHB Ed Hart 0-0: Called Strike
0-1: Ball
1-1: Foul Ball, location: 2F
1-2: Strikes out swinging
Batting: LHB Marcos Villarreal 0-0: Fly out, F8 (Flyball, 8LS)
Bottom of the 1st over - 1 run, 1 hit, 0 errors, 1 left on base; Blueville 0 - Tuscaloosa 1
TOP OF THE 2ND
Blueville 83's batting - Pitching for Tuscaloosa Trout Slayers : RHP Rafael Ramírez
Batting: LHB Lorenzo Villa 0-0: Ball
1-0: Swinging Strike
1-1: Ball
2-1: Ball
3-1: Base on Balls
Batting: RHB Fernando Díaz 0-0: Ball
1-0: Fly out, F4 (Popup, 3DF)
Batting: RHB Max Jones 0-0: Ball
1-0: Ball
2-0: Swinging Strike
2-1: Called Strike
2-2: Foul Ball, location: 2F
2-2: Strikes out swinging
Batting: RHB Jorge Márquez 0-0: Called Strike
0-1: Fly out, F6 (Line Drive, 6M)
Top of the 2nd over - 0 runs, 0 hits, 0 errors, 1 left on base; Blueville 0 - Tuscaloosa 1
BOTTOM OF THE 2ND
Tuscaloosa Trout Slayers batting - Pitching for Blueville 83's : RHP David Padilla
Batting: RHB Augusto Baca 0-0: Ball
1-0: DOUBLE (Line Drive, 9LD)
Batting: SHB António Ramírez 0-0: Called Strike
0-1: Ball
1-1: Called Strike
1-2: Ball
2-2: Ball
3-2: Foul Ball, location: 2F
3-2: Foul Ball, location: 2F
3-2: Foul Ball, location: 2F
3-2: Base on Balls
Batting: RHB Juan Reyes 0-0: SINGLE (Flyball, 8LM)
Augusto Baca to third
António Ramírez to second
Batting: RHB Claudio Gonzáles 0-0: Foul Ball, location: 2F
0-1: Swinging Strike
0-2: Ground out 4-3 (Groundball, 4S)
Augusto Baca scores
António Ramírez to third
Juan Reyes to second
Batting: LHB Manuel Ortega 0-0: Ball
1-0: Ball
2-0: DOUBLE (Flyball, 78XD)
António Ramírez scores
Juan Reyes scores
Batting: RHB José Fernández 0-0: Ball
Manuel Ortega steals 3rd base
1-0: Ball
Wild Pitch!
Manuel Ortega scores
2-0: Foul Ball, location: 2F
2-1: Foul Ball, location: 2F
2-2: Strikes out looking
Batting: LHB Juan Hernández 0-0: Ball
1-0: Swinging Strike
1-1: Hit by Pitch
Batting: LHB Ed Hart 0-0: Ball
1-0: Called Strike
1-1: Ball
2-1: Foul Ball, location: 2F
2-2: Ball
Juan Hernández steals 2nd base
3-2: Foul Ball, location: 2F
3-2: Base on Balls
Pitching: RHP Roberto Ledesma
Batting: LHB Marcos Villarreal 0-0: Ball
1-0: Ball
2-0: Foul Ball, location: 2F
2-1: Ball
3-1: Ground out 4-3 (Groundball, 4)
Bottom of the 2nd over - 4 runs, 3 hits, 0 errors, 2 left on base; Blueville 0 - Tuscaloosa 5
TOP OF THE 3RD
Blueville 83's batting - Pitching for Tuscaloosa Trout Slayers : RHP Rafael Ramírez
Batting: RHB José Velásquez 0-0: Swinging Strike
0-1: Foul Ball, location: 2F
0-2: Strikes out swinging
Batting: SHB Joe Emery 0-0: SINGLE (Groundball, 34D)
Batting: RHB Jonathan MacVey 0-0: Foul Ball, location: 2F
0-1: Ball
1-1: Foul Ball, location: 2F
1-2: Fly out, F7 (Line Drive, 7S)
Batting: LHB Bob Martin 0-0: Called Strike
0-1: 2-RUN HOME RUN (Flyball, 9D), Distance : 390 ft
Batting: RHB Eichiro Yamamoto 0-0: Ball
1-0: Ball
2-0: SINGLE (Groundball, 4MD)
Batting: LHB Lorenzo Villa 0-0: Ball
1-0: Ball
2-0: Ball
3-0: Base on Balls
Eichiro Yamamoto to second
Batting: RHB Fernando Díaz 0-0: Called Strike
0-1: Ball
1-1: Ball
2-1: Called Strike
2-2: Fly out, F9 (Flyball, 9S)
Top of the 3rd over - 2 runs, 3 hits, 0 errors, 2 left on base; Blueville 2 - Tuscaloosa 5
BOTTOM OF THE 3RD
Tuscaloosa Trout Slayers batting - Pitching for Blueville 83's : RHP Roberto Ledesma
Batting: RHB Augusto Baca 0-0: Called Strike
0-1: Ball
1-1: Foul Ball, location: 2F
1-2: Strikes out looking
Batting: SHB António Ramírez 0-0: Swinging Strike
0-1: Fly out, F6 (Line Drive, 6)
Batting: RHB Juan Reyes 0-0: Ball
1-0: Ball
2-0: Ball
3-0: Base on Balls
Batting: RHB Claudio Gonzáles 0-0: Called Strike
0-1: Swinging Strike
0-2: Strikes out swinging
Bottom of the 3rd over - 0 runs, 0 hits, 0 errors, 1 left on base; Blueville 2 - Tuscaloosa 5
TOP OF THE 4TH
Blueville 83's batting - Pitching for Tuscaloosa Trout Slayers : RHP Rafael Ramírez
Batting: RHB Max Jones 0-0: Called Strike
0-1: Ball
1-1: Swinging Strike
1-2: Ground out 1-3 (Groundball, 15S)
Batting: RHB Jorge Márquez 0-0: Foul Ball, location: 2F
0-1: TRIPLE (Flyball, 8RXD)
Batting: RHB José Velásquez 0-0: Called Strike
0-1: Foul Ball, location: 2F
0-2: SINGLE (Line Drive, 3)
Jorge Márquez scores
Batting: SHB Joe Emery 0-0: Called Strike
0-1: Ball
1-1: Foul Ball, location: 2F
1-2: Fly out, F8 (Flyball, 8LXD)
Batting: RHB Jonathan MacVey 0-0: Called Strike
0-1: Ball
1-1: Called Strike
1-2: Fielders Choice at 2nd, 6-4 (Groundball, 6)
Top of the 4th over - 1 run, 2 hits, 0 errors, 1 left on base; Blueville 3 - Tuscaloosa 5
BOTTOM OF THE 4TH
Tuscaloosa Trout Slayers batting - Pitching for Blueville 83's : RHP Roberto Ledesma
Batting: LHB Manuel Ortega 0-0: Called Strike
0-1: Ball
1-1: Ball
2-1: Ball
3-1: Called Strike
3-2: Base on Balls
Batting: RHB José Fernández 0-0: Ball
1-0: Swinging Strike
1-1: Ball
2-1: SINGLE (Line Drive, 89S)
Manuel Ortega to second
Batting: LHB Juan Hernández 0-0: Foul Ball, location: 2F
0-1: Foul Ball, location: 2F
0-2: Fly out, F7 (Line Drive, 78M)
Batting: LHB Ed Hart 0-0: Called Strike
0-1: Grounds into double play, 6-4-3 (Groundball, 6)
Bottom of the 4th over - 0 runs, 1 hit, 0 errors, 1 left on base; Blueville 3 - Tuscaloosa 5
TOP OF THE 5TH
Blueville 83's batting - Pitching for Tuscaloosa Trout Slayers : RHP Rafael Ramírez
Batting: LHB Bob Martin 0-0: Foul Ball, location: 2F
0-1: Called Strike
0-2: Strikes out swinging
Batting: RHB Eichiro Yamamoto 0-0: Ball
1-0: Ball
2-0: Foul Ball, location: 2F
2-1: Ball
3-1: Base on Balls
Batting: LHB Lorenzo Villa 0-0: Foul Ball, location: 2F
0-1: Foul Ball, location: 2F
0-2: Ball
1-2: SINGLE (Flyball, 9LS)
Eichiro Yamamoto to second
Runner from 2nd tries for 3rd, SAFE, throw made to third
Batting: RHB Fernando Díaz 0-0: Ball
1-0: Foul Ball, location: 2F
1-1: Ball
2-1: Grounds into double play, 6-4-3 (Groundball, 6)
Top of the 5th over - 0 runs, 1 hit, 0 errors, 1 left on base; Blueville 3 - Tuscaloosa 5
BOTTOM OF THE 5TH
Tuscaloosa Trout Slayers batting - Pitching for Blueville 83's : RHP Roberto Ledesma
Batting: LHB Marcos Villarreal 0-0: Called Strike
0-1: Foul Ball, location: 2F
0-2: SINGLE (Groundball, 34S) (infield hit)
Batting: RHB Augusto Baca 0-0: Foul Ball, location: 2F
0-1: Ball
1-1: Fly out, F9 (Flyball, 9D)
Batting: SHB António Ramírez 0-0: Ball
1-0: Swinging Strike
1-1: Swinging Strike
1-2: Ball
2-2: Foul Ball, location: 2F
2-2: Ball
3-2: Foul Ball, location: 2F
3-2: Grounds into double play, 6-4-3 (Groundball, 6M)
Bottom of the 5th over - 0 runs, 1 hit, 0 errors, 0 left on base; Blueville 3 - Tuscaloosa 5
TOP OF THE 6TH
Blueville 83's batting - Pitching for Tuscaloosa Trout Slayers : RHP Rafael Ramírez
Batting: RHB Max Jones 0-0: Called Strike
0-1: Foul Ball, location: 2F
0-2: Ball
1-2: Ball
2-2: Ball
3-2: Base on Balls
Batting: RHB Jorge Márquez 0-0: Ball
1-0: Foul Ball, location: 2F
1-1: Swinging Strike
1-2: Ground out 6-3 (Groundball, 6)
Max Jones to second
Batting: RHB José Velásquez 0-0: Fly out, F7 (Flyball, 7D)
Runner from 2nd tags up, SAFE at 3rd, no throw
Batting: SHB Joe Emery 0-0: Ball
1-0: Foul Ball, location: 2F
1-1: Foul Ball, location: 2F
1-2: Fly out, F8 (Flyball, 8LM)
Top of the 6th over - 0 runs, 0 hits, 0 errors, 1 left on base; Blueville 3 - Tuscaloosa 5
BOTTOM OF THE 6TH
Tuscaloosa Trout Slayers batting - Pitching for Blueville 83's : RHP Roberto Ledesma
Batting: RHB Juan Reyes 0-0: Called Strike
0-1: Foul Ball, location: 2F
0-2: SINGLE (Groundball, 56D)
Batting: RHB Claudio Gonzáles 0-0: 2-RUN HOME RUN (Flyball, 7LD), Distance : 349 ft
Pitching: LHP Don Sutherland
Batting: LHB Manuel Ortega 0-0: Foul Ball, location: 2F
0-1: Ball
1-1: Hit by Pitch
Batting: RHB José Fernández 0-0: Ball
1-0: Ball
2-0: Called Strike
2-1: Ball
3-1: DOUBLE (Flyball, 8LXD)
Manuel Ortega to third
Batting: LHB Juan Hernández 0-0: Intentional Walk
Batting: LHB Ed Hart 0-0: Fly out, F7 (Line Drive, 7)
Runner from 3rd tags up, SCORES, throw made
Batting: LHB Marcos Villarreal 0-0: Foul Ball, location: 2F
0-1: Ball
1-1: Foul Ball, location: 2F
1-2: Strikes out swinging
Batting: RHB Augusto Baca 0-0: Called Strike
0-1: Fly out, F7 (Flyball, 7S)
Bottom of the 6th over - 3 runs, 3 hits, 0 errors, 2 left on base; Blueville 3 - Tuscaloosa 8
TOP OF THE 7TH
Blueville 83's batting - Pitching for Tuscaloosa Trout Slayers : RHP Rafael Ramírez
Pitching: LHP Kelly Henry
Batting: RHB Jonathan MacVey 0-0: Ball
1-0: Called Strike
1-1: Foul Ball, location: 2F
1-2: Fly out, F5 (Popup, 56S)
Batting: LHB Bob Martin 0-0: Ball
1-0: Foul Ball, location: 2F
1-1: Ball
2-1: SINGLE (Flyball, 89M)
Batting: RHB Eichiro Yamamoto 0-0: Swinging Strike
0-1: Ball
1-1: Ball
2-1: Foul Ball, location: 2F
2-2: Strikes out swinging
Batting: LHB Lorenzo Villa 0-0: Called Strike
0-1: Ball
1-1: Foul Ball, location: 2F
1-2: Strikes out swinging
Top of the 7th over - 0 runs, 1 hit, 0 errors, 1 left on base; Blueville 3 - Tuscaloosa 8
BOTTOM OF THE 7TH
Tuscaloosa Trout Slayers batting - Pitching for Blueville 83's : LHP Don Sutherland
Batting: SHB António Ramírez 0-0: Fly out, F3 (Line Drive, 3S)
Batting: RHB Juan Reyes 0-0: Ball
1-0: Called Strike
1-1: Swinging Strike
1-2: Ball
2-2: Ground out 4-3 (Groundball, 4)
Batting: RHB Claudio Gonzáles 0-0: Ball
1-0: Swinging Strike
1-1: Called Strike
1-2: Fly out, F6 (Popup, P)
Bottom of the 7th over - 0 runs, 0 hits, 0 errors, 0 left on base; Blueville 3 - Tuscaloosa 8
TOP OF THE 8TH
Blueville 83's batting - Pitching for Tuscaloosa Trout Slayers : LHP Kelly Henry
Now at 3B: Dave Hall
Batting: RHB Fernando Díaz 0-0: Called Strike
0-1: Called Strike
0-2: SINGLE (Groundball, 34D)
Batting: RHB Max Jones 0-0: Swinging Strike
0-1: Foul Ball, location: 2F
0-2: Fly out, F5 (Line Drive, 5)
Batting: RHB Jorge Márquez 0-0: Swinging Strike
0-1: Swinging Strike
0-2: Strikes out swinging
Batting: RHB José Velásquez 0-0: 2-RUN HOME RUN (Flyball, 9LD), Distance : 383 ft
Pitching: RHP Jimmy Bradley
Batting: SHB Joe Emery 0-0: Ball
1-0: Called Strike
1-1: Foul Ball, location: 2F
1-2: Ball
2-2: SINGLE (Flyball, 78S)
Batting: RHB Jonathan MacVey 0-0: Ball
1-0: Fielders Choice at 2nd, 6-4 (Groundball, 6)
Top of the 8th over - 2 runs, 3 hits, 0 errors, 1 left on base; Blueville 5 - Tuscaloosa 8
BOTTOM OF THE 8TH
Tuscaloosa Trout Slayers batting - Pitching for Blueville 83's : LHP Don Sutherland
Batting: LHB Manuel Ortega 0-0: Ball
1-0: Foul Ball, location: 2F
1-1: Foul Ball, location: 2F
1-2: Ground out 4-3 (Groundball, 4)
Batting: RHB José Fernández 0-0: Ball
1-0: Called Strike
1-1: Called Strike
1-2: Strikes out swinging
Batting: LHB Juan Hernández 0-0: Ball
1-0: Ball
2-0: Ball
3-0: Base on Balls
Batting: LHB Ed Hart 0-0: Ball
1-0: Called Strike
1-1: Ground out 5-3 (Groundball, 56S)
Bottom of the 8th over - 0 runs, 0 hits, 0 errors, 1 left on base; Blueville 5 - Tuscaloosa 8
TOP OF THE 9TH
Blueville 83's batting - Pitching for Tuscaloosa Trout Slayers : RHP Jimmy Bradley
Now in LF: Eddy Jefferson
Batting: LHB Bob Martin 0-0: SINGLE (Flyball, 9LS)
Batting: RHB Eichiro Yamamoto 0-0: Called Strike
0-1: Ball
1-1: Foul Ball, location: 2F
1-2: Strikes out swinging
Batting: LHB Lorenzo Villa 0-0: Called Strike
0-1: SINGLE (Line Drive, 89S)
Bob Martin to second
Batting: RHB Fernando Díaz 0-0: Called Strike
0-1: Reached on error, E1 (Groundball, 13S)
Bob Martin to third
Lorenzo Villa to second
Batting: RHB Max Jones 0-0: Called Strike
0-1: Foul Ball, location: 2F
0-2: Fly out, F7 (Flyball, 78D)
Batting: RHB Jorge Márquez 0-0: Called Strike
0-1: Ball
1-1: Ground out 3-1 (Groundball, 34)
Top of the 9th over - 0 runs, 2 hits, 1 error, 3 left on base; Blueville 5 - Tuscaloosa 8
Saturday, April 7th, 2018 - OOTP Baseball 18.8 Build 76